← All builds
Tech / Legion / Economy first / OBSERVED BUILD

Standard tech

Legion Tech (Eco) build order · Supreme Isthmus

Rushes a Legion Bot Lab around 1:13 into an Advanced Bot Lab by 4:08, reclaiming the starting labs for metal, then upgrades mexes and adds a Fusion Reactor around 10:13 while supplying T2 construction power and Advanced Construction Bots…

Usually first T2 con to Geo (68%)

#t2 #eco #team support · 19 distinct matches · 10 players · 70% of Legion Tech games · team won 47% of 19 · Recently observed

HOW TO PLAY IT

Key timing: T2 lab by 4:08

  1. Grab 3 mex and start wind while opening Legion Bot Lab.
  2. Get Legion Bot Lab up and push early cons out.
  3. Reclaim Legion Bot Lab for metal once it has paid off.
  4. Finish Advanced Bot Lab and start pumping Advanced Construction Bots.
  5. Upgrade mexes first, then scale wind and fus by 10:13.

Phase by phase

TYPICAL OF ITS 19 GAMES
  1. 1
  2. 2
  3. 3
  4. 4
PLAY THE OPENING

Follow the example game's first 6:00 step by step: what to build now, what comes next, and where it goes. At 1× it keeps pace with your own game.

  1. 1

    Up to the Legion Bot Lab

    Economy
    • Metal Extractor3Mex
    • Wind Turbine3Wind
    Order
    1. Legion Bot LabLegion Bot Lab after 3 mex, 3 winddone ~1:15, middle half 1:12–1:17

    By 0:56 in all: 3 mex · 3 wind

    The example game in this phase · 3 steps
    1. Mex ×3
    2. Wind ×4
    3. Legion Bot LabLegion Bot Labdone 1:15 · typical 1:15
  2. 2

    Legion Bot Lab to Legion Advanced Bot Lab

    Economy
    • Metal Extractor1Mex
    • Wind Turbine8Wind
    • Energy Converter1Converter
    Order
    1. Legion Advanced Bot LabLegion Advanced Bot Lab after 4 mex, 11 wind, 2 con turretdone ~4:28, middle half 4:16–4:44
    Builders
    • Construction Turret2 Con turret
    • Legion Construction Bot3 Legion Construction Bot
    • Zagreus3 Zagreus

    Some games also: energy storage (42%) · Legion Construction Bot for allies (37%)

    By 3:03 in all: 4 mex · 11 wind · 1 converter · 2 con turret

    The example game in this phase · 17 steps
    1. Legion Construction BotLegion Construction Bot
    2. ZagreusZagreus ×2
    3. Wind ×3
    4. Mex
    5. Legion Construction BotLegion Construction Botfor Air
    6. Wind
    7. Energy storage
    8. Wind
    9. ZagreusZagreus
    10. Wind
    11. Converter
    12. Con turret
    13. ZagreusZagreus
    14. Con turret
    15. ToxotaiToxotai
    16. Con turret
    17. Legion Advanced Bot LabLegion Advanced Bot Labdone 3:55 · typical 4:28
  3. 3

    Legion Advanced Bot Lab to 5:00

    Economy
    • Wind Turbine3Wind
    • Energy Converter2Converter
    Order
    1. Legion Bot LabEat Legion Bot Lab
    Builders
    • Advanced Construction Bot1 T2 con bot for allies

    By 5:00 in all: 4 mex · 17 wind · 4 converter · 2 con turret

    The example game in this phase · 6 steps
    1. Legion Bot LabEat Legion Bot Labreclaimed for its metal
    2. Advanced Construction BotT2 con botfor Geo
    3. Advanced Metal ExtractorT2 mexdone 4:52 · typical 5:40
    4. Wind
    5. Advanced Construction BotT2 con botfor Air
    6. Wind
  4. 4

    5:00 to 10:00

    Economy
    • Wind Turbine19Wind
    • Energy Converter2Converter
    Builders
    • Construction Turret5 Con turret
    • Advanced Construction Bot4 T2 con bot for allies
    • Proteus1 Proteus
    • Advanced Construction Bot1 T2 con bot

    Some games also: Advanced Fusion Reactor (47%)

    By 10:00 in all: 4 mex · 34 wind · 6 converter · 8 con turret

    The example game in this phase · 125 steps
    1. Advanced Metal ExtractorT2 mex
    2. Advanced Construction BotT2 con botfor Geo sea
    3. Advanced Metal ExtractorT2 mex
    4. ProteusProteusfor Geo sea
    5. Advanced Construction BotT2 con botfor Pond
    6. Advanced Metal ExtractorT2 mex
    7. Advanced Construction BotT2 con botfor Air
    8. ProteusProteus
    9. Legion Bot LabLegion Bot Labdone 7:45
    10. Legion Construction BotLegion Construction Bot ×7
    11. Wind
    12. Legion Construction BotLegion Construction Bot
    13. Wind
    14. Legion Construction BotLegion Construction Bot
    15. Wind ×2
    16. Legion Construction BotLegion Construction Bot
    17. Wind
    18. Legion Construction BotLegion Construction Bot
    19. Wind ×3
    20. Legion Construction BotLegion Construction Bot
    21. Wind ×4
    22. Converter
    23. Wind ×2
    24. Con turret
    25. Wind ×2
    26. Metal storage
    27. Advanced Construction BotT2 con bot
    28. Wind
    29. Con turret
    30. Wind
    31. Converter ×2
    32. Wind ×5
    33. Converter
    34. Wind
    35. Converter
    36. Wind
    37. Con turret
    38. Wind
    39. Legion Bot LabEat Legion Bot Labreclaimed for its metal
    40. Wind ×4
    41. Converter
    42. Fusion ReactorFusiondone 11:24
    43. Converter
    44. Wind ×4
    45. Legion Advanced Bot LabEat Legion Advanced Bot Labreclaimed for its metal
    46. Con turret
    47. Wind ×3
    48. Converter
    49. Con turret
    50. Converter
    51. Wind
    52. Con turret
    53. Wind ×3
    54. Con turret
    55. Wind ×6
    56. Converter
    57. Wind
    58. Converter
    59. Wind ×6
    60. Converter
    61. Wind
    62. Converter
    63. Wind ×4
    64. T2 converter
    65. Wind
    66. Converter ×2
    67. Wind ×4
    68. T2 converter
    69. Wind
    70. Converter
    71. Wind ×2
    72. Converter
    73. Wind ×5
    74. Converter
    75. AegisAegisdone 13:06
    76. Converter
    77. Wind ×5
    78. Converter
    79. Wind ×2
    80. Converter
    81. Wind ×5
    82. Converter
    83. Wind
    84. Converter
    85. Wind ×4
    86. Converter
    87. Wind
    88. Advanced Fusion ReactorAdvanced Fusion Reactornot finished by 15:00
    89. Wind
    90. Converter
    91. Wind ×4
    92. Converter
    93. Wind
    94. Converter
    95. Wind ×5
    96. Converter
    97. Wind ×2
    98. Converter
    99. Wind ×5
    100. Converter
    101. Con turret
    102. Converter
    103. Wind ×4
    104. Con turret
    105. Wind
    106. Converter
    107. Wind
    108. Converter
    109. Wind
    110. Con turret
    111. Wind ×2
    112. Con turret
    113. Wind
    114. Con turret
    115. Wind ×2
    116. Converter
    117. Con turret
    118. Converter
    119. Wind
    120. Con turret
    121. Wind
    122. Con turret
    123. Wind ×4
    124. Converter
    125. Wind

Counts are medians over the build's games: half of them build more, half fewer. The example game is [Crd]Atlas's (31 OS, 05/09/2026); pick another.

Team trades

IN AT LEAST 30% OF ITS GAMES

You hand over

  • Legion Construction Bot1 Legion Construction Bot to Airfirst at 2:32 · in 58% of games
  • Advanced Construction Bot5 T2 con bot to Air or Geo sea or Pondfirst at 5:05 · in 100% of games

You get

  • Hercules1 Light transport from Airfirst at 4:16 · in 68% of games

How it plays out

Typical game of this build, running totals by minute

Metal produced

020k40k
0:005:0010:0015:00

metal

Enemy metal destroyed

00.51
0:005:0010:0015:00

metal

Own metal lost

050100150
0:005:0010:0015:00

metal

19 games.

Show as table
ByMetal produced: This buildEnemy metal destroyed: This buildOwn metal lost: This build
1:0038200
2:0091600
3:00171200
4:00293900
5:00441900
6:00563500
7:00706800
8:00923200
9:001119800
10:001366200
11:001815100
12:002076800
13:002378600
14:002802000
15:00339040130
WHAT THE NUMBERS SAY

This is the role's baseline play, winning more often than not while producing far more metal than it loses or destroys, showing its value is team eco, not frontline damage.

  • + Team won most games despite near-zero kills, showing its value is enabling teammates.
  • + Metal output snowballs hugely, 4716 by 5:00 to 24757 by 15:00.
  • − Own metal lost stays low but creeps up to 464 by 15:00, some exposure late.
  • − Nearly all labs get reclaimed, so mistimed reclaim could starve early BP.
THE EXAMPLE YOU ARE READING

[Crd]Atlas

31.0 OS · 05/09/2026

Open source match ↗

1 received units
874 metal received · 34133 energy received

Allied construction assistance is unknown. Timings are observations, not a promise of solo reproducibility.

Typical milestones

Legion Bot Lab1:15Middle 50%: 1:12–1:17 · n=19
Legion Advanced Bot Lab4:28Middle 50%: 4:16–4:44 · n=19
Advanced Metal Extractor5:40Middle 50%: 5:12–5:50 · n=19

Played most by

RollingBread8games of this build[Crd]Atlas2games of this buildcelestia_1x2games of this build_X_1game of this buildPlatinumBlonde1game of this build